 Dungeon Crawl Stone Soup version 0.29-a0-575-g0dc89cf053 (webtiles) character file.

Game seed: 7002303689266405607

1137 Flugkiller the Chopper (level 8, -1/105 HPs)
             Began as a Meteoran Chaos Knight on June 12, 2022.
             Was a Plaything of Xom.
             Slain by a gnoll sergeant
             ... wielding a +4 vampiric trident
              (7 damage)
             ... on level 5 of the Dungeon.
             The game lasted 00:08:57 (1643 turns).

Flugkiller the Chopper (Meteoran Chaos Knight)      Turns: 1643, Time: 00:08:57

Health: -1/105     AC:  8    Str: 20      XL:     8   Next: 95%
Magic:  3/3        EV: 16    Int: 12      God:    Xom [..*...]
Gold:   113        SH:  0    Dex: 20 (21) Spells: 7/7 levels left

rFire   . . .      SeeInvis +   B - +1 war axe (antimagic)
rCold   + . .      Faith    .   (no shield)
rNeg    . . .      Spirit   .   j - +2 robe of Ysetipy {rF+ Will- Str+7 SInv}
rPois   .          Reflect  .   i - +0 helmet
rElec   .          Harm     .   n - +0 cloak
rCorr   .          Rampage  .   s - +1 pair of gloves {Dex+3}
Will    .....                   (no boots)
Stlth   ..........              (no amulet)
HPRegen 0.27/turn               o - ring of ice
MPRegen 0.08/turn               u - +6 ring of dexterity

@: berserking (expiring), glowing, very quick
A: sense surroundings 1, otherworldly, glowing, explore regen, clumsy 1, dopey
1, weak 1
a: Renounce Religion


You were on level 5 of the Dungeon.
You worshipped Xom.
You were a toy of Xom.
You visited 1 branch of the dungeon, and saw 5 of its levels.

You collected 113 gold pieces.

Inventory:

Hand Weapons
 a - a +0 hand axe of chaos
 d - a +1 dagger of venom
   (You found it on level 1 of the Dungeon)
 t - a +0 halberd
   (You took it off a gnoll on level 3 of the Dungeon)
 A - a +0 trident
   (You found it on level 4 of the Dungeon)
 B - a +1 antimagic war axe (weapon)
   (You took it off an orc on level 5 of the Dungeon)
Armour
 b - a +2 leather armour
 i - a +0 helmet (worn)
   (You found it on level 2 of the Dungeon)
 j - the +2 robe of Ysetipy (worn) {rF+ Will- Str+7 SInv}
   (You found it on level 2 of the Dungeon)

   Str:       It affects your strength (+7).
   rF:        It protects you from fire.
   SInv:      It lets you see invisible.
   Will:      It decreases your willpower.
 n - a +0 cloak (worn)
   (You found it on level 1 of the Dungeon)
 s - a +1 pair of gloves of dexterity (worn)
   (You found it on level 3 of the Dungeon)
 y - a +0 chain mail
   (You found it on level 4 of the Dungeon)
 D - a +0 kite shield
   (You found it on level 5 of the Dungeon)
Jewellery
 e - a +6 ring of strength
   (You found it on level 3 of the Dungeon)
 o - a ring of ice (left hand)
   (You found it on level 1 of the Dungeon)
 u - a +6 ring of dexterity (right hand)
   (You found it on level 3 of the Dungeon)
Wands
 w - a wand of flame (17)
   (You took it off Ijyb on level 4 of the Dungeon)
Scrolls
 f - a scroll of poison
 h - a scroll of fog {unknown}
 k - a scroll of fear {unknown}
 l - a scroll of enchant armour {unknown}
 p - a scroll of immolation
 v - a scroll of amnesia
 F - a scroll of blinking {unknown}
Potions
 g - 4 potions of flight
 m - a potion of brilliance {unknown}
 q - a potion of mutation {unknown}
 z - 2 potions of lignification
 C - a potion of curing {unknown}
 E - a potion of resistance {unknown}
Miscellaneous
 c - a piece from Xom's chessboard (15/15) (quivered)


   Skills:
 - Level 6.2 Fighting
 + Level 6.3(7.2) Axes
 - Level 5.4(6.8) Polearms
 - Level 2.4 Armour
 - Level 6.0 Dodging
 + Level 1.9 Shields


You had 7 spell levels left.
You didn't know any spells.
Your spell library contained the following spells:

 Spells                   Type           Power      Damage    Failure   Level
 Confusing Touch          Hex            0%         N/A       69%         3
 Yara's Violent Unravell  Hex/Tmut       0%         3d3       100%        5
 Enfeeble                 Hex            0%         N/A       100%        7


Dungeon Overview and Level Annotations

Branches:
Dungeon (5/15)
 Temple: D:4-7

Altars:

Annotations:
D:5 3 runed translucent doors, Antroll's ghost, novice GnFi


Innate Abilities, Weirdness & Mutations

You passively map a small area around you.
You are easily found by Zot.
You glow in the dark.
You regain HP and MP as you explore.
You are clumsy. (Dex -2)
You are dopey. (Int -2)
You are weak. (Str -2)


Message History

The ice beast is severely wounded.
The ice beast hits you but does no damage.
You hit the ice beast but do no damage.
The ice beast is severely wounded.
The ice beast hits you. The ice beast freezes you. You resist.
The ice beast hits you. The ice beast freezes you. You resist.
You completely miss the ice beast.
The ice beast is severely wounded.
The ice beast closely misses you.
You slash the ice beast!
You kill the ice beast!
Your base Axes skill increases to level 6!
Your Shields skill increases to level 1!
No target in view!
Unknown command.
You now have 102 gold pieces (gained 4).
You now have 113 gold pieces (gained 11).
The gnoll shouts!
You hear a shout!
The gnoll sergeant shouts!
The gnoll shouts!
There is an open door here.
The gnoll shouts!
The gnoll misses you.
Press: ? - help, v - describe, . - travel
Here: a gnoll sergeant, wielding a +4 vampiric trident, wearing a +0 scale mail and wearing a +0 buckler The floor.
Unknown command.
The gnoll barely misses you. The gnoll completely misses you.
You barely miss the gnoll. The gnoll misses you.
You slash the gnoll! You punch the gnoll.
The gnoll is almost dead.
The gnoll closely misses you.
You hit the gnoll but do no damage.
The gnoll is almost dead.
The gnoll hits you with a +0 spear.
You slash the gnoll!
You kill the gnoll!
The gnoll misses you.
You feel your dexterity returning.
You hit the gnoll.
The gnoll is heavily wounded.
The gnoll hits you with a +0 flail!
You slash the gnoll!
You kill the gnoll!
You slash the gnoll!
The gnoll is heavily wounded.
The gnoll hits you with a +0 club.
The gnoll sergeant hits you from afar with a +4 vampiric trident!
You hit the gnoll.
The gnoll is almost dead.
The gnoll hits you with a +0 club.
The gnoll sergeant hits you from afar with a +4 vampiric trident!!
You are too injured to fight recklessly!
There is an open door here.
Okay, then.
A red film seems to cover your vision as you go berserk!
You feel yourself moving faster!
You feel mighty! The gnoll hits you but does no damage.
The gnoll sergeant closely misses you.
You slash the gnoll!
You kill the gnoll!
The gnoll sergeant hits you from afar with a +4 vampiric trident.
The gnoll sergeant barely misses you.
You see here a +0 club.
You slash the gnoll sergeant!
The gnoll sergeant is moderately wounded.
You barely miss the gnoll sergeant.
The gnoll sergeant is moderately wounded.
The gnoll sergeant hits you with a +4 vampiric trident!
* * * LOW HITPOINT WARNING * * *
The gnoll sergeant draws strength from your wounds!
You barely miss the gnoll sergeant. The gnoll sergeant barely misses you.
You slash the gnoll sergeant!
The gnoll sergeant is moderately wounded.
The gnoll sergeant closely misses you. The gnoll sergeant blocks your attack.
The gnoll sergeant is moderately wounded.
The gnoll sergeant hits you with a +4 vampiric trident!
* * * LOW HITPOINT WARNING * * *
The gnoll sergeant draws strength from your wounds!
You hit the gnoll sergeant.
The gnoll sergeant is moderately wounded. "See what I see, my child!"
You detect items!
The gnoll sergeant closely misses you. The gnoll sergeant blocks your attack.
The gnoll sergeant is moderately wounded.
The gnoll sergeant blocks your attack.
The gnoll sergeant is moderately wounded.
The gnoll sergeant hits you with a +4 vampiric trident.
* * * LOW HITPOINT WARNING * * *
The gnoll sergeant draws strength from your wounds!
You slash the gnoll sergeant!
The gnoll sergeant is severely wounded.
The gnoll sergeant barely misses you.
You barely miss the gnoll sergeant.
The gnoll sergeant is severely wounded.
The gnoll sergeant misses you.
You barely miss the gnoll sergeant.
The gnoll sergeant is severely wounded.
The gnoll sergeant hits you with a +4 vampiric trident!
You die...

* , ###*#.#. *
,.#. , ... #.#.
*** #.#.# #.. ...,
#.#.# *
#.#####.######.#.#
...............#.#
#.#####.###†......
#g# #............
#g# ######.......
, #@# #.......
#######'######
#....... ,
#............#
#....... , *
#............#
#....... , ,
#............#
#....... *, ∆
#............#
#....... ,
#............#
#....... , ,
,#............#
#....... *, **
#............#
#.......


You could see a gnoll sergeant and a gnoll.

Vanquished Creatures
  Sigmund (D:4)
  The ghost of zero the Magician, an amateur DENe (D:3)
  2 ice beasts (D:5)
  A black bear (D:3)
  A phantom (D:3)
  A necrophage (D:4)
  A scorpion (D:5)
  3 hounds
  3 quasits (D:3)
  Ijyb (D:4)
  2 orc wizards (D:5)
  8 gnolls
  4 adders
  An ufetubus (D:5)
  4 dart slugs
  3 orcs (D:5)
  7 bats
  2 endoplasms (D:3)
  A giant cockroach (D:4)
  7 goblins
  10 kobolds
  A quokka (D:1)
  8 ball pythons
  3 rats
76 creatures vanquished.

Vanquished Creatures (others)
  3 gnolls
  2 fungi (D:5)
  2 plants (D:5)
7 creatures vanquished.

Grand Total: 83 creatures vanquished

Notes
Turn   | Place    | Note
-------+----------+-------------------------------------------
     0 | D:1      | Flugkiller the Meteoran Chaos Knight began the quest for
                  | the Orb.
     0 | D:1      | Reached XP level 1. HP: 19/19 MP: 2/2
   107 | D:2      | Reached XP level 2. HP: 27/27 MP: 3/3
   183 | D:2      | Reached XP level 3. HP: 29/34 MP: 4/4
   234 | D:2      | Identified the +2 robe of Ysetipy {rF+ Will- Str+7 SInv}
   445 | D:2      | XOM: cloud trail
   524 | D:3      | Found a transporter.
   525 | D:3      | XOM: enchant monster (bad)
   530 | D:3      | Reached XP level 4. HP: 27/41 MP: 5/5
   609 | D:2      | XOM: silly message
   637 | D:3      | Reached skill level 5 in Fighting
   708 | D:3      | Noticed a phantom
   716 | D:3      | XOM: cast spell 'Olgreb's Toxic Radiance'
   719 | D:3      | XOM: cast spell 'Summon Small Mammal'
   735 | D:3      | XOM: cast spell 'Summon Ice Beast'
   742 | D:3      | Killed a phantom
   743 | D:3      | Reached XP level 5. HP: 44/50 MP: 6/6
   853 | D:3      | Noticed a black bear
   886 | D:3      | Killed a black bear
   887 | D:3      | Reached XP level 6. HP: 57/57 MP: 7/7
   944 | D:3      | Noticed zero's ghost (amateur DENe)
   945 | D:3      | Found a transporter.
   954 | D:3      | XOM: potion effect (brilliance)
   955 | D:3      | Killed zero's ghost
   956 | D:3      | Reached XP level 7. HP: 57/63 MP: 8/8
  1046 | D:4      | Reached skill level 5 in Polearms
  1116 | D:4      | Noticed Sigmund
  1125 | D:4      | XOM: potion effect (berserk rage)
  1128 | D:4      | XOM: potion effect (heal wounds)
  1132 | D:4      | XOM: noise
  1134 | D:4      | Noticed Ijyb
  1137 | D:4      | Killed Sigmund
  1138 | D:4      | Reached skill level 5 in Dodging
  1138 | D:4      | Reached XP level 8. HP: 59/70 MP: 9/9
  1140 | D:4      | Killed Ijyb
  1293 | D:4      | XOM: destruction
  1319 | D:5      | Entered Level 5 of the Dungeon
  1383 | D:5      | XOM: 2-stop teleportation journey
  1386 | D:5      | Found a runed translucent gate.
  1387 | D:5      | Found a runed translucent gate.
  1388 | D:5      | Found a runed translucent gate.
  1389 | D:5      | Noticed Antroll's ghost (novice GnFi)
  1424 | D:5      | XOM: 2-stop teleportation journey
  1441 | D:5      | Reached skill level 5 in Axes
  1474 | D:5      | XOM: give mutations
  1474 | D:5      | Gained mutation: You are clumsy. (Dex -2) [Xom's mischief]
  1474 | D:5      | Gained mutation: You are weak. (Str -2) [Xom's mischief]
  1474 | D:5      | Gained mutation: You are dopey. (Int -2) [Xom's mischief]
  1476 | D:5      | XOM: silly message
  1485 | D:5      | XOM: 2-stop teleportation journey
  1599 | D:5      | Reached skill level 1 in Shields
  1638 | D:5      | XOM: divination: detect items
  1643 | D:5      | Slain by a gnoll sergeant

Illustrated notes

Levels and vault maps discovered:
D:1:      dpeg_arrival_castle, layout_loops_corners, minmay_3d_cube
D:2:      layout_basic, dilly_ecumenical_altar_fadedgnrine,
          chequers_serial_rivers_micro_e, minmay_tetromino_o4
D:3:      layout_rooms, gammafunk_ghost_stat_death, serial_bayou_pond_e,
          minmay_cut_off
D:4:      layout_basic, uniq_ijyb, uniq_sigmund
D:5:      layout_basic, gammafunk_ghost_nasty_kobolds, uniq_blork_the_orc

Skill      XL: |  1  2  3  4  5  6  7  8 |
---------------+-------------------------+-----
Fighting       | 4 6 |  6.2
Dodging        | 4 5 6 |  6.0
Polearms       | 3 5 |  5.4
Axes           | 6 |  6.3
Shields        | 1 |  1.9
Armour         | |  2.4

Action                   |  1- 3 |  4- 6 |  7- 9 || total
-------------------------+-------+-------+-------++-------
Melee: Dagger            |    59 |    27 |       ||    86
       Hand axe          |       |    25 |       ||    25
       Punch             |       |     1 |     1 ||     2
       Halberd           |       |    13 |    92 ||   105
       War axe           |       |       |    54 ||    54
Evoke: Wand              |       |       |     4 ||     4
  Use: Scroll            |       |     2 |     3 ||     5
       Potion            |       |       |     1 ||     1
Armor: Leather armour    |    14 |       |       ||    14
       Robe              |    12 |    33 |   120 ||   165
Dodge: Dodged            |    37 |    42 |   143 ||   222

Table legend: (Time is in decaauts)
 A = Elapsed time spent in this place.
 B = Non-inter-level travel time spent in this place.
 C = Inter-level travel time spent in this place.
 D = Time resting spent in this place.
 E = Time spent auto-exploring this place.
 F = Levels seen in this place.
 G = Mean time per level.
                   A        B        C        D        E       F      G
               +--------+--------+--------+--------+--------+-----+--------+
         Total |   1686 |   1658 |     28 |      0 |      0 |   5 |  337.2 |
       Dungeon |   1686 |   1658 |     28 |      0 |      0 |   5 |  337.2 |
               +--------+--------+--------+--------+--------+-----+--------+

Top non-repeatable levels by time:
     D:3: 499 daAuts
     D:5: 330 daAuts
     D:2: 316 daAuts
     D:4: 297 daAuts
     D:1: 242 daAuts
